 Dungeon Crawl Stone Soup version 0.27-a0-1196-g3e9cee4cb2 (webtiles) character file.

Game seed: 3973408173040491872

2743 Kold the Transmogrifier (level 9, -2/53 HPs)
             Began as an Octopode Transmuter on May 28, 2021.
             Was an Initiate of Gozag.
             Shot with a sling bullet by Joseph (12 damage)
             ... on level 8 of the Dungeon.
             The game lasted 00:20:52 (6658 turns).

Kold the Transmogrifier (Octopode Transmuter)       Turns: 6658, Time: 00:20:52

Health: -2/53      AC:  2    Str: 15    XL:     9   Next: 68%
Magic:  9/12       EV: 20    Int: 18    God:    Gozag
Gold:   190        SH:  0    Dex: 24    Spells: 4/12 levels left

rFire    + . .     SeeInvis .     - Unarmed
rCold    . . .     Faith    .   (shield currently unavailable)
rNeg     . . .     Spirit   .   (helmet currently unavailable)
rPois    .         Reflect  .   a - amulet of regeneration
rElec    .         Harm     .   c - +6 ring of dexterity
rCorr    .         Rampage  .   d - +6 ring of strength
Will     .....                  s - ring of protection from fire
Stlth    +++.......             e - ring of poison resistance
HPRegen  1.17/turn              (no ring)
MPRegen  0.13/turn              (no ring)
                                (no ring)
                                (no ring)

@: spider-form
A: venomous fangs, almost no armour, (amphibious), 8 rings, tiny, (camouflage
1), (gelatinous body 1), (nimble swimmer 1), (tentacles)
a: End Transformation, Renounce Religion, Potion Petition, Call Merchant, Bribe
Branch


You were on level 8 of the Dungeon.
You worshipped Gozag.
Gozag was aware of your devotion.
You were a venomous arachnid creature.
You visited 2 branches of the dungeon, and saw 9 of its levels.

You collected 521 gold pieces.
You spent 200 gold pieces at shops.
You paid 131 gold pieces to Gozag.

Inventory:

Missiles
 o - 2 throwing nets
Jewellery
 a - an amulet of regeneration (around neck)
 c - a +6 ring of dexterity (left front leg)
 d - a +6 ring of strength (right front leg)
 e - a ring of poison resistance (on tentacle)
 s - a ring of protection from fire (on tentacle)
Scrolls
 f - 3 scrolls of amnesia
 h - a scroll of enchant armour
 i - 3 scrolls of teleportation
Potions
 g - 2 potions of might
 l - 2 potions of attraction
 m - 2 potions of lignification
 n - a potion of resistance


   Skills:
 - Level 1.0 Fighting
 + Level 2.5 Dodging
 - Level 2.0 Stealth
 + Level 8.0 Unarmed Combat
 - Level 2.0 Spellcasting
 + Level 8.4 Transmutations
 - Level 5.0 Ice Magic
 - Level 4.0 Poison Magic


You had 4 spell levels left.
You knew the following spells:

 Your Spells              Type           Power      Damage    Failure   Level
a - Beastly Appendage     Tmut           64%        N/A       3%          1
b - Spider Form           Tmut/Pois      12%        N/A       13%         3
c - Ice Form              Ice/Tmut       26%        N/A       26%         4

Your spell library contained the following spells:

 Spells                   Type           Power      Damage    Failure   Level
 Wereblood                Tmut           32%        N/A       4%          2
 Animate Skeleton         Necr           2%         N/A       38%         1
 Magic Dart               Conj           4%         1d3       38%         1
 Pain                     Necr           4%         1d4       38%         1
 Searing Ray              Conj           2%         3d3       47%         2
 Dazzling Flash           Conj/Hex       2%         N/A       69%         3
 Vampiric Draining        Necr           0%         2d6       69%         3
 Animate Dead             Necr           0%         N/A       96%         4
 Fulminant Prism          Conj/Hex       0%         3d6       96%         4
 Iskenderun's Mystic Bla  Conj/Tloc      1%         2d3       96%         4
 Hydra Form               Tmut           16%        N/A       34%         5
 Agony                    Necr           1%         N/A       100%        5


Dungeon Overview and Level Annotations

Branches:
Dungeon (8/15)             Temple (1/1) D:7
   Lair: D:8-11

Altars:
Ashenzari
Cheibriados
Dithmenos
Elyvilon
Fedhas
Gozag
Kikubaaqudgha
Makhleb
Okawaru
Qazlal
Trog
Uskayaw
Vehumet
Wu Jian
Xom
Yredelemnul
Zin
The Shining One
Beogh

Shops:
D:1 (   D:5 *   D:7 *

Annotations:
D:8 Joseph


Innate Abilities, Weirdness & Mutations

You are a venomous arachnid creature.
You have poisonous fangs.
You are tiny and dextrous.
Your spellcasting is less reliable in this form.
Your armour is entirely melded.
You are incapable of wielding weapons or throwing items.
You cannot wear most types of armour.
((You are amphibious.))
You can wear up to eight rings at the same time.
((Your skin changes colour to match your surroundings (Stealth+).))
((Your rubbery body absorbs attacks. (AC +1, EV +1)))
((You are camouflaged near water. (Stealth+)))
((You have tentacles for arms and can constrict up to eight enemies at once.))


Message History

Your transformation has ended.
There is a stone staircase leading up, spattered with blood here.
You now have 190 gold pieces (gained 6).
As you read the scroll of identify, it crumbles to dust.
m - 2 potions of lignification
As you read the scroll of identify, it crumbles to dust.
r - a potion of degeneration You drop a potion of degeneration.
It was a potion of berserk rage.
A red film seems to cover your vision as you go berserk!
You feel yourself moving faster!
You feel mighty!
You feel a strong urge to attack something.
You feel your anger nearly subside.
You are no longer berserk.
You are exhausted.
You feel yourself slow down.
There is a stone staircase leading up, spattered with blood here.
You start waiting.
You feel a little less mighty now.
You start waiting.
You feel yourself speed up.
You start waiting.
You recover from your berserk rage.
Joseph is nearby!
Casting: Spider Form (dangerous; 4% risk of failure)
Confirm with . or Enter, or press ? or * to list all spells.
You turn into a venomous arachnid creature.
Joseph shouts!
Joseph unwields a +0 hunting sling.
Joseph wields a +0 quarterstaff.
Joseph completely misses you. Joseph hits you with a +0 quarterstaff!
You barely miss Joseph.
Joseph hits you with a +0 quarterstaff!!
You hit Joseph but do no damage.
Joseph is poisoned.
Joseph hits you with a +0 quarterstaff!
* * * LOW HITPOINT WARNING * * *
Joseph unwields a +0 quarterstaff.
Joseph wields a +0 hunting sling.
Joseph shoots a sling bullet.
The sling bullet hits you!
You die...
Your body crumbles into a pile of gold.

#......#
#......#
#......###
#........#
#.)<...#..#
##[[..###..#
##...# ....
##..# ...
#.s## ..
#(..#
#....@.....8
##..........
##.##.....8
... ......
#... ..^...
#... #.###
#.... .#


You could see Joseph (very poisoned).

Vanquished Creatures
  A water moccasin (D:5)
  An ice beast (D:6)
  2 orc warriors
  2 sky beasts
  3 black bears
  A necrophage (D:6)
  An ogre (D:5)
  A kobold brigand (D:8)
  2 bullfrogs
  A scorpion (D:6)
  A water moccasin zombie (D:7)
  A water moccasin skeleton (D:7)
  4 wights
  4 hounds
  A centaur zombie (D:6)
  5 centaur skeletons
  7 orc priests
  A bullfrog skeleton (D:6)
  A jelly (D:6)
  5 iguanas
  Crazy Yiuf (D:5)
  8 orc wizards
  A hound zombie (D:5)
  3 gnolls (D:4)
  A howler monkey skeleton (D:7)
  8 adders
  A shadow imp (D:6)
  An ufetubus (D:7)
  An adder skeleton (D:4)
  2 worms (D:2)
  3 dart slugs
  41 orcs
  7 ball pythons
  7 endoplasms
  6 giant cockroaches
  9 goblins
  10 hobgoblins
  9 kobolds
  A quokka (D:2)
  7 bats
  4 frilled lizards (D:1)
  A quokka skeleton (D:4)
  5 rats
182 creatures vanquished.

Notes
Turn   | Place    | Note
-------+----------+-------------------------------------------
     0 | D:1      | Kold the Octopode Transmuter began the quest for the Orb.
     0 | D:1      | Reached XP level 1. HP: 13/13 MP: 3/3
    22 | D:1      | Found Zeojirhi's Antique Weapon Shop.
    39 | D:1      | Reached skill level 1 in Stealth
   102 | D:1      | Reached XP level 2. HP: 18/18 MP: 5/5
   351 | D:1      | Reached XP level 3. HP: 23/23 MP: 6/6
   387 | D:1      | Found a faded altar of an unknown god.
   685 | D:2      | Learned a level 3 spell: Spider Form
   710 | D:2      | Reached XP level 4. HP: 24/28 MP: 5/7
  1373 | D:3      | Reached skill level 1 in Poison Magic
  1385 | D:2      | Reached XP level 5. HP: 20/33 MP: 8/8
  2115 | D:4      | Reached XP level 6. HP: 13/38 MP: 7/9
  2765 | D:4      | Reached skill level 5 in Transmutations
  3136 | D:4      | Learned a level 4 spell: Ice Form
  3154 | D:5      | Entered Level 5 of the Dungeon
  3154 | D:5      | Found Hukh's Assorted Antiques.
  3158 | D:5      | Noticed a black bear
  3160 | D:5      | Reached skill level 1 in Ice Magic
  3160 | D:5      | Reached XP level 7. HP: 43/43 MP: 6/10
  3218 | D:5      | Found a runed translucent door.
  3486 | D:5      | Found a runed translucent door.
  3487 | D:5      | Noticed Crazy Yiuf
  3497 | D:5      | Killed Crazy Yiuf
  3498 | D:5      | Reached skill level 5 in Unarmed Combat
  3676 | D:5      | Reached XP level 8. HP: 41/48 MP: 8/11
  4781 | D:6      | Reached XP level 9. HP: 53/53 MP: 9/12
  4987 | D:6      | Reached skill level 5 in Ice Magic
  5678 | D:7      | Found a staircase to the Ecumenical Temple.
  5696 | Temple   | Entered the Ecumenical Temple
  5774 | Temple   | Became a worshipper of Gozag Ym Sagoz the Greedy
  5963 | D:7      | Found a broken altar of Ashenzari.
  6091 | D:7      | Found Cefrim's Serpentskin Sales.
  6110 | D:7      | Bought a ring of poison resistance for 200 gold pieces
  6209 | D:7      | Found a blossoming altar of Fedhas.
  6433 | D:8      | Noticed Joseph
  6435 | D:8      | Noticed a manticore
  6658 | D:8      | Shot with a sling bullet by Joseph

Illustrated notes

Levels and vault maps discovered:
D:1:      minmay_arrival_checkered_box, layout_rooms,
          hellmonk_ecumenical_altar_arch_garden, serial_shops, shop_fountains
D:2:      layout_rooms, guppyfry_early_orc_mine
D:3:      layout_rooms
D:4:      layout_basic
D:5:      layout_rooms, serial_shops, shop, dk_vineyard_2,
          lightli_church_of_beogh, uniq_crazy_yiuf_cottage
D:6:      layout_cave_pools
D:7:      layout_basic, lemuel_doored_altar, general_overflow_altar,
          minmay_temple_entry_statues_fountains, guppyfry_shop_venom
D:8:      layout_rooms, chequers_temple_overflow_minitemple, serial_shops, shop,
          shop, nicolae_shop_temple_entry_statues_fountains, shop,
          lemuel_another_geyser, uniq_joseph
Temple:   compressed_dpeg_circular_temple

Skill      XL: |  1  2  3  4  5  6  7  8  9 |
---------------+----------------------------+-----
Stealth        | 1 2 |  2.0
Transmutations | 3 4 5 7 8 |  8.4
Unarmed Combat | 4 5 6 8 |  8.0
Poison Magic   | 1 3 4 |  4.0
Ice Magic      | 1 2 4 5 |  5.0
Fighting       | |  1.0
Dodging        | |  2.5
Spellcasting   | |  2.0

Action                   |  1- 3 |  4- 6 |  7- 9 || total
-------------------------+-------+-------+-------++-------
Melee: Unarmed           |    73 |   131 |   291 ||   495
       Constrict         |    21 |    22 |     8 ||    51
       Tentacles         |    11 |    21 |     6 ||    38
       Kick              |    15 |    23 |     4 ||    42
       Punch             |     1 |     2 |     1 ||     4
 Cast: Beastly Appendage |    12 |    21 |     3 ||    36
       Spider Form       |       |    12 |    44 ||    56
  Use: Scroll            |       |       |    16 ||    16
       Potion            |       |       |     5 ||     5
 Stab: Sleeping          |     8 |     7 |     5 ||    20
Armor: Skin              |     5 |    11 |    14 ||    30
Dodge: Dodged            |    59 |   123 |   257 ||   439

Table legend: (Time is in decaauts)
 A = Elapsed time spent in this place.
 B = Non-inter-level travel time spent in this place.
 C = Inter-level travel time spent in this place.
 D = Time resting spent in this place.
 E = Time spent auto-exploring this place.
 F = Levels seen in this place.
 G = Mean time per level.
                   A        B        C        D        E       F      G
               +--------+--------+--------+--------+--------+-----+--------+
         Total |   6641 |   5897 |    744 |    620 |   3422 |   9 |  737.9 |
       Dungeon |   6496 |   5800 |    696 |    620 |   3394 |   8 |  812.0 |
        Temple |    144 |     97 |     47 |      0 |     28 |   1 |  144.0 |
               +--------+--------+--------+--------+--------+-----+--------+

Top non-repeatable levels by time:
     D:4: 1281 daAuts
     D:5: 1170 daAuts
     D:7: 1097 daAuts
     D:2: 832 daAuts
     D:6: 781 daAuts
     D:3: 667 daAuts
     D:1: 545 daAuts
  Temple: 144 daAuts
     D:8: 120 daAuts
